AoeStats
← Cryex

Arabia

510658286Analyzed
2v2 RM · 20h ago on Oct 2, 2026· 26m 31s· 4 players
Game mode
Random Map
Map size
Medium (4 player)
Population
200
Speed
Normal
Resources
Standard
Victory
Conquest
Starting age
Dark Age
Ending age
Imperial Age
RankedLock teamsTeams togetherTeam positionsShared explorationLock speedFull tech treeHidden civsTurbo modeCheats
Victory
Defeat
🇨🇴 Malians · Colombia
889
+17
🇨🇴 Hindustanis · Colombia
880
+17
🇧🇷 Huns · Brazil
903
-17
🇧🇷 Teutons · Brazil
898
-17
SMosquera
8:42 Loom
11:16 Feudal Age
11:51 Double-Bit Axe
14:06 Horse Collar
21:28 Castle Age
20:20 Arson
20:50 Forging
21:58 Scale Mail Armor
21:48 Fletching
22:44 Thumb Ring
25:06 Murder Holes
24:53 Treadmill Crane
franvelasco_92
11:51 Feudal Age
10:06 Loom
12:44 Man-at-Arms
19:58 Castle Age
18:42 Arson
19:10 Forging
19:00 Scale Mail Armor
19:10 Forging
22:57 Double-Bit Axe
23:13 Stone Mining
23:13 Pikeman
23:54 Squires
24:50 Stone Shaft Mining
26:36 Bow Saw
26:19 Gold Mining
DiPunisher
1:26 Loom
9:34 Feudal Age
10:22 Double-Bit Axe
20:45 Castle Age
19:43 Forging
19:34 Horse Collar
19:24 Man-at-Arms
20:24 Arson
21:16 Long Swordsman
21:42 Gambesons
23:04 Wheelbarrow
22:52 Squires
Cryex
7:41 Loom
9:58 Feudal Age
10:36 Double-Bit Axe
10:42 Horse Collar
22:38 Castle Age
21:07 Forging
23:08 Bloodlines
23:08 Scale Barding Armor
23:31 Heavy Plow
23:46 Bow Saw
Connection lost

Rejoining the realm…

Still unreachable

The connection could not be restored.

Session expired

The server has moved on; the page needs a fresh start.